Map: Rhoskallian LE

Players

MattBarry

  • Race: Terran Terran
  • Spawn Location: 6:00

MattBarry

  • Race: Zerg Zerg
  • Spawn Location: 5:00

Raven - Winner!

  • Race: Protoss Protoss
  • Spawn Location: 12:00

ShockAndRoar - Winner!

  • Race: Terran Terran
  • Spawn Location: 11:00

VOD

Have the link to the VOD?

Description

Time

  • Played on: Jan. 5, 2023, 3 a.m.
  • Length: 15:40
Show
View Real Time Build Order
Export as new Build Order

MattBarry Terran 

Build Orders: Mech 

Get SALT Encoding   

  12  0:02  SCV  
  13  0:14  SCV  
  14  0:19  Supply Depot  
  14  0:26  SCV  
  15  0:40  SCV  
  15  0:41  Barracks  
  16  0:52  SCV  
  17  1:04  SCV  
  18  1:16  SCV  
  19  1:22  Command Center  
  19  1:29  Orbital Command  
  19  1:31  Marine  
  20  1:38  Refinery  
  20  1:47  Supply Depot  
  20  1:49  Marine  
  21  1:54  SCV  
  22  2:16  Marine  
  22  2:17  SCV  
  22  2:19  Refinery  
  24  2:31  SCV  
  25  2:54  Factory, Barracks Reactor  
  24  3:02  Orbital Command  
  24  3:03  SCV  
  25  3:09  Engineering Bay  
  25  3:15  SCV  
  23  3:32  Marine  
  23  3:33  Marine  
  25  3:34  SCV  
  25  3:37  Supply Depot  
  26  3:42  Factory  
  26  3:46  SCV  
  27  4:00  SCV  
  28  4:05  Barracks Tech Lab  
  28  4:12  Hellion x2  
  28  4:15  Orbital Command  
  32  4:18  Missile Turret  
  32  4:19  SCV  
  33  4:32  SCV  
  33  4:33  Hellion x2  
  33  4:36  Supply Depot  
  38  4:43  SCV  
  38  4:44  SCV  
  40  4:55  SCV  
  40  4:56  SCV  
  41  5:07  SCV  
  41  5:08  SCV  
  41  5:09  Hellion x2  
  47  5:14  Siege Tank  
  47  5:19  SCV  
  51  5:25  Barracks Tech Lab  
  51  5:26  Starport, Factory, SCV  
  52  5:30  Refinery  
  52  5:36  Armory  
  50  6:06  Hellion x2, Siege Tank  
  50  6:09  SCV x2  
  59  6:15  Refinery  
  59  6:21  Starport Reactor, SCV x2  
  59  6:28  Widow Mine  
  61  6:35  Widow Mine  
  61  6:38  Supply Depot, Siege Tank  
  61  6:39  Supply Depot  
  66  6:40  SCV  
  66  6:41  SCV  
  66  6:44  Terran Vehicle Weapons Level 1  
  68  6:48  Siege Tank  
  68  6:53  SCV x2  
  73  7:03  Hellion x2  
  77  7:12  Thor, Command Center  
  83  7:18  Supply Depot  
  83  7:19  Supply Depot  
  83  7:23  Medivac x2  
  83  7:24  SCV  
  83  7:25  SCV  
  89  7:33  Missile Turret  
  89  7:37  Missile Turret, SCV x2  
  91  7:40  Thor  
  91  7:42  Hellion x2  
  101  7:49  SCV x2  
  103  8:01  SCV  
  104  8:19  Thor  
  85  9:23  Missile Turret, Terran Vehicle Weapons Level 2  
  85  9:24  Missile Turret  
  85  9:27  Orbital Command  
  85  9:44  Supply Depot  
  85  9:45  Supply Depot x2  
  85  9:48  Supply Depot  
  85  9:49  Supply Depot  
  85  10:05  Thor, Liberator  
  85  10:06  Liberator  
  85  10:07  Thor, Hellion x2  
  101  10:12  Missile Turret  
  107  10:16  Missile Turret  
  107  10:39  SCV  
  107  10:42  SCV, Command Center  
  109  10:51  Thor x2, SCV  
  109  10:53  Hellion x2  
  126  11:30  SCV x2  
  106  11:46  Hellion x2  
  101  11:56  Missile Turret  
  92  12:28  Barracks  
  88  12:53  Widow Mine x2  
  88  13:08  Refinery  
  88  13:11  Refinery  
  88  13:16  Widow Mine x2  
  92  13:26  Factory  
  92  13:28  Factory  
  92  13:31  Factory  
  92  13:34  Factory  
  56  14:15  Factory Tech Lab  
  56  14:17  Siege Tank x2  
  56  14:19  Hellion x2  
  56  14:21  SCV x2  
  62  14:26  Factory Tech Lab  
  62  14:33  SCV x2  
  62  14:34  Siege Tank  
  67  14:46  Siege Tank  
  67  14:47  Hellion x2  
  67  14:49  SCV x2, Siege Tank x2  
  82  15:01  SCV x2  
  84  15:13  SCV  
  84  15:14  SCV  
Show
View Real Time Build Order
Export as new Build Order

MattBarry Zerg 

Build Orders: Hatch First 

Get SALT Encoding   

  12  0:00  Drone  
  13  0:13  Overlord  
  13  0:24  Drone  
  14  0:33  Drone  
  15  0:36  Drone  
  16  0:56  Hatchery  
  15  0:59  Drone  
  15  1:04  Drone  
  17  1:16  Spawning Pool  
  16  1:19  Drone  
  16  1:21  Drone  
  18  1:38  Extractor  
  17  1:40  Drone x2  
  17  1:41  Extractor  
  18  2:05  Queen  
  18  2:08  Queen  
  20  2:10  Drone  
  23  2:20  Drone  
  23  2:21  Drone x2  
  26  2:31  Drone x2  
  26  2:33  Overlord  
  28  2:44  Overlord  
  28  2:53  Zergling x4  
  28  2:54  Drone  
  28  2:58  Queen  
  33  3:03  Metabolic Boost  
  33  3:08  Drone x2  
  35  3:14  Zergling x2  
  35  3:15  Overlord  
  35  3:19  Zergling x2  
  38  3:20  Zergling x2  
  38  3:43  Drone x3  
  38  3:44  Drone x4  
  45  3:49  Lair  
  43  4:21  Hatchery  
  42  4:29  Baneling Nest  
  41  4:41  Queen  
  43  4:52  Evolution Chamber  
  43  4:53  Pneumatized Carapace, Evolution Chamber  
  38  5:08  Zergling x6  
  38  5:09  Zergling x2, Overlord x2  
  42  5:17  Drone  
  43  5:22  Zerg Melee Weapons Level 1  
  43  5:24  Zerg Ground Armor Level 1  
  42  5:35  Queen  
  42  5:46  Zergling x10  
  42  5:47  Zergling x6  
  42  5:48  Queen  
  51  6:07  Zergling x4, Overlord x2  
  53  6:11  Queen  
  53  6:14  Drone x2  
  57  6:21  Drone  
  57  6:22  Drone  
  57  6:23  Drone  
  58  7:00  Drone  
  58  7:01  Drone x5  
  63  7:02  Overlord  
  63  7:04  Queen  
  66  7:21  Overseer  
  66  7:27  Drone x3  
  66  7:28  Queen  
  71  7:40  Queen  
  73  7:45  Zerg Missile Weapons Level 1  
  73  7:46  Zerg Melee Weapons Level 2  
  73  7:53  Infestation Pit, Centrifugal Hooks  
  73  7:54  Drone  
  73  7:55  Drone x6  
  73  7:56  Drone  
  80  8:00  Overlord  
  80  8:15  Queen  
  78  8:51  Queen  
  78  8:53  Spore Crawler, Hydralisk Den  
  78  8:54  Spore Crawler  
  78  8:55  Hydralisk Den  
  76  8:59  Spore Crawler  
  76  9:00  Spore Crawler x3  
  72  9:03  Extractor  
  72  9:04  Extractor  
  72  9:05  Zergling x6  
  72  9:06  Zergling x16  
  81  9:25  Grooved Spines  
  81  9:26  Muscular Augments  
  78  9:36  Hive  
  74  9:39  Zerg Missile Weapons Level 2  
  74  9:41  Overlord x2  
  74  9:55  Drone  
  74  9:56  Drone x2  
  59  10:26  Zergling x2  
  59  10:27  Zergling x10  
  56  10:42  Hatchery  
  55  10:43  Hatchery  
  55  10:45  Hatchery  
  55  10:47  Hydralisk  
  55  10:48  Hydralisk  
  57  10:58  Adrenal Glands  
  57  10:59  Hatchery  
  57  11:01  Zerg Melee Weapons Level 3  
  56  11:13  Spire  
  55  11:25  Zergling x8  
  59  11:26  Zergling x14  
  59  11:29  Overseer  
  66  11:37  Queen  
  68  12:13  Queen  
  70  12:31  Queen  
  72  12:37  Overlord x4  
  72  12:39  Corruptor x10, Infestor  
  94  12:49  Drone  
  95  12:53  Greater Spire  
  92  13:20  Hatchery  
  91  13:46  Zergling x4  
  91  13:47  Zergling x4  
  95  13:48  Baneling  
  95  13:49  Baneling x19  
  94  14:07  Zergling x2  
  94  14:08  Zergling x8  
  80  14:19  Zergling x4  
  80  14:20  Zergling x4  
  84  14:33  Drone  
  84  14:34  Drone x2  
  84  14:35  Drone  
  72  15:03  Corruptor x7  
Show
View Real Time Build Order
Export as new Build Order

Raven Protoss - Winner!

Build Orders:  

Get SALT Encoding   

  12  0:01  Probe  
  13  0:13  Probe  
  14  0:22  Pylon  
  14  0:25  Probe  
  15  0:40  Probe  
  15  0:42  Forge  
  16  0:55  Pylon  
  16  0:56  Pylon  
  16  1:00  Probe  
  17  1:10  Gateway  
  17  1:17  Assimilator  
  17  1:31  Probe  
  18  1:36  Pylon  
  18  1:43  Probe  
  18  1:44  Photon Cannon  
  19  1:56  Photon Cannon  
  19  2:07  Photon Cannon  
  19  2:11  Pylon  
  18  2:26  Photon Cannon  
  18  2:30  Photon Cannon  
  18  2:41  Cybernetics Core  
  18  2:42  Probe  
  19  2:56  Assimilator  
  19  3:01  Pylon  
  19  3:07  Probe (Chrono Boost)  
  20  3:17  Probe (Chrono Boost)  
  21  3:22  Probe (Chrono Boost)  
  22  3:49  Nexus  
  22  3:51  Photon Cannon  
  22  3:58  Stargate  
  22  4:05  Pylon  
  22  4:16  Stalker  
  24  4:31  Photon Cannon  
  24  4:38  Stargate  
  24  4:41  Probe  
  29  5:11  Void Ray  
  29  5:12  Probe (Chrono Boost)  
  30  5:22  Assimilator  
  30  5:23  Probe (Chrono Boost)  
  30  5:27  Probe (Chrono Boost)  
  31  5:30  Assimilator  
  31  5:33  Pylon  
  32  5:39  Probe  
  33  5:49  Probe  
  34  5:51  Probe  
  35  6:01  Probe  
  35  6:03  Probe  
  37  6:13  Probe  
  37  6:15  Probe  
  37  6:18  Void Ray x2 (Chrono Boost)  
  47  6:26  Protoss Shields Level 1  
  47  6:28  Probe (Chrono Boost)  
  48  6:39  Photon Cannon, Probe (Chrono Boost)  
  49  6:43  Probe (Chrono Boost)  
  50  6:47  Photon Cannon  
  50  6:50  Shield Battery  
  50  6:55  Probe  
  51  7:07  Probe  
  52  7:13  Void Ray (Chrono Boost)  
  60  7:16  Void Ray (Chrono Boost)  
  60  7:19  Probe  
  61  7:31  Probe  
  61  7:34  Protoss Air Weapons Level 1 (Chrono Boost)  
  70  7:52  Void Ray  
  70  7:53  Void Ray  
  70  8:07  Zealot  
  72  8:14  Pylon  
  72  8:34  Zealot  
  74  9:01  Zealot  
  72  9:27  Void Ray x2  
  72  9:31  Probe  
  73  9:37  Protoss Air Armor Level 1, Nexus  
  73  9:43  Probe  
  74  9:55  Probe  
  74  9:56  Pylon  
  74  9:58  Pylon  
  83  10:08  Stargate  
  83  10:10  Void Ray x2  
  83  10:13  Fleet Beacon  
  83  10:15  Twilight Council  
  83  10:41  Photon Cannon  
  83  10:43  Photon Cannon  
  83  10:45  Photon Cannon  
  83  10:48  Photon Cannon  
  83  10:50  Shield Battery  
  83  10:53  Probe (Chrono Boost)  
  83  10:55  Shield Battery  
  84  10:59  Assimilator  
  84  11:03  Assimilator, Probe (Chrono Boost)  
  85  11:08  Probe (Chrono Boost)  
  90  11:17  Void Ray x3  
  98  11:19  Probe  
  99  11:31  Probe  
  91  12:00  Void Ray  
  83  12:32  Flux Vanes  
  91  12:44  Void Ray x3  
  91  12:48  Probe  
  92  13:00  Probe  
  93  13:10  Stargate  
  93  13:12  Stargate, Probe  
  106  13:27  Void Ray x3  
  106  13:28  Photon Cannon  
  106  13:30  Photon Cannon  
  110  14:04  Void Ray  
  122  14:10  Void Ray x3  
  122  14:25  Pylon  
  122  14:27  Pylon  
  122  14:28  Pylon  
  122  14:29  Pylon  
  122  14:31  Pylon  
  126  14:49  Void Ray  
Show
View Real Time Build Order
Export as new Build Order

ShockAndRoar Terran - Winner!

Build Orders: Mech 

Get SALT Encoding   

  12  0:00  SCV  
  13  0:12  SCV  
  14  0:19  Supply Depot  
  14  0:24  SCV  
  15  0:40  SCV  
  15  0:42  Barracks  
  16  0:52  SCV  
  16  0:54  Refinery  
  17  1:04  SCV, Refinery  
  18  1:16  SCV  
  19  1:30  Orbital Command  
  19  1:35  Supply Depot  
  19  1:36  Reaper  
  20  1:58  Factory  
  20  2:04  SCV  
  20  2:08  Reaper  
  22  2:16  SCV  
  23  2:28  SCV  
  24  2:40  Reaper, SCV  
  26  2:52  SCV  
  26  2:57  Starport, Factory Tech Lab  
  27  3:01  Command Center  
  27  3:02  Supply Depot  
  27  3:04  SCV  
  27  3:31  Cyclone  
  30  3:37  Starport Tech Lab  
  30  3:40  Supply Depot  
  30  3:47  Supply Depot  
  30  4:01  Marine  
  33  4:03  Siege Tank  
  33  4:06  Raven  
  36  4:18  Marine  
  37  4:38  Marine  
  38  4:40  Orbital Command  
  40  4:48  SCV  
  40  4:49  Raven  
  40  4:51  Hellion  
  43  4:56  Marine  
  44  5:00  SCV  
  45  5:11  Orbital Command  
  45  5:12  SCV  
  45  5:13  Hellion  
  48  5:24  SCV  
  48  5:26  Barracks Reactor  
  48  5:28  Barracks  
  49  5:29  Barracks  
  49  5:31  Barracks, Engineering Bay x2  
  49  5:34  Hellion  
  47  6:10  Marine x2  
  49  6:11  Siege Tank  
  49  6:15  SCV  
  55  6:20  SCV  
  55  6:22  Raven  
  54  6:27  SCV  
  54  6:32  SCV  
  56  6:39  SCV  
  54  6:42  Barracks Tech Lab  
  54  6:43  Barracks Tech Lab, Barracks Reactor  
  54  6:44  SCV  
  55  6:47  Factory  
  55  6:48  Factory  
  55  6:50  Refinery  
  55  6:51  SCV  
  56  6:54  Refinery  
  56  6:56  SCV  
  57  7:02  Marine  
  57  7:03  Marine x2, SCV  
  57  7:04  Marine, Stimpack  
  63  7:08  SCV  
  63  7:09  Supply Depot  
  63  7:10  Supply Depot  
  63  7:11  Supply Depot  
  63  7:15  SCV  
  63  7:20  Marine, SCV  
  66  7:28  SCV  
  67  7:31  Terran Infantry Armor Level 1, Terran Infantry Weapons Level 1  
  67  7:32  SCV  
  67  7:33  Marine x3  
  71  7:40  Marine x2, SCV  
  71  7:41  Factory Reactor, Factory Tech Lab  
  74  7:44  SCV  
  75  7:52  SCV  
  75  7:58  SCV  
  77  7:59  Marine x5  
  77  8:04  SCV, Siege Tank  
  88  8:10  SCV, Raven  
  89  8:16  SCV  
  81  8:48  Marine x2  
  81  8:49  Marine x4  
  81  8:50  Siege Tank x2  
  93  8:59  Command Center  
  93  9:03  Supply Depot  
  93  9:04  Supply Depot  
  93  9:06  Marine, Armory  
  94  9:25  Marine x4, Hellion x2  
  94  9:26  Marine x2  
  102  9:35  Raven  
  102  9:37  Combat Shield  
  100  9:42  Marine x4  
  100  9:43  Marine  
  105  9:47  Hellion  
  105  9:50  Siege Tank  
  105  9:51  Starport  
  110  9:56  Terran Infantry Weapons Level 2  
  110  10:04  Marine x2  
  110  10:10  Marine, Marauder, Siege Tank  
  116  10:17  Marine x2  
  115  10:22  Marine  
  115  10:23  Marauder  
  115  10:28  Marine  
  115  10:32  Orbital Command, Marauder  
  115  10:34  Command Center  
  117  10:44  Marauder  
  117  10:45  Supply Depot  
  117  10:47  Terran Infantry Armor Level 2  
  119  10:51  Starport Reactor  
  119  10:56  Marine x3  
  122  11:01  Marine x2  
  124  11:05  Marine  
  124  11:09  Supply Depot  
  127  11:15  Raven  
  127  11:20  Marauder  
  86  11:43  Marine x4, Marauder  
  86  11:44  Marauder  
  86  11:45  Siege Tank  
  86  11:46  Siege Tank  
  98  11:48  Orbital Command  
  98  11:49  Orbital Command  
  98  11:59  Medivac x2  
  98  12:01  Marine  
  104  12:04  Marine x2  
  104  12:07  Widow Mine x2  
  111  12:09  Raven  
  111  12:25  Marine x2, Marauder  
  111  12:26  Marauder  
  111  12:29  Viking x2  
  121  12:30  SCV x2  
  123  12:46  Marine x2  
  123  12:48  Terran Infantry Weapons Level 3  
  123  12:49  Marine x2, Siege Tank  
  130  12:52  Marauder x2  
  130  12:55  SCV x3  
  137  13:04  Orbital Command  
  134  13:07  SCV x3  
  134  13:08  Marine x4  
  140  13:18  Marine x2  
  142  13:30  SCV  
  143  13:42  SCV  
  144  13:54  SCV  
  145  14:06  SCV  
  130  14:18  SCV  
  130  14:21  Marine x5  
  138  14:24  Viking x2  
  138  14:26  Cyclone x2, Marine  
  149  14:32  SCV x3  
  149  14:33  Raven  
  149  14:34  Refinery  
  149  14:35  Refinery  
  152  14:39  Marine x4  
  152  14:40  Refinery  
  156  14:59  Supply Depot  
  156  15:20  Marine x3  
  161  15:23  Supply Depot  
Tags
 
Add a new tag
Caveats
  • Supply blocks, unpowered buildings, or Contaminate may cause inaccurate times.
  • Supply counts are checked every 10 seconds.